 Dungeon Crawl Stone Soup version 0.28-a0-1348-g050f3537b9 (webtiles) character file.

Game seed: 9344871555924412220

81 Cheeritup the Grave Robber (level 4, -2/24 HPs)
             Began as a Vampire Necromancer on Dec 30, 2021.
             Slain by a water moccasin skeleton (5 damage)
             ... on level 4 of the Dungeon.
             The game lasted 00:05:40 (2927 turns).

Cheeritup the Grave Robber (Vampire Necromancer)    Turns: 2927, Time: 00:05:40

Health: -2/24      AC:  0    Str:  5 (7)  XL:     4   Next: 20%
Magic:  2/7        EV: 20    Int: 17 (19) God:
Gold:   81         SH:  0    Dex: 17 (19) Spells: 6/8 levels left

rFire   . . .      SeeInvis +   (weapon currently unavailable)
rCold   + + .      Faith    .   (shield currently unavailable)
rNeg    + + +      Spirit   .   (armour currently unavailable)
rPois   ∞          Reflect  .   (helmet currently unavailable)
rElec   .          Harm     .   (cloak currently unavailable)
rCorr   .          Rampage  .   (gloves currently unavailable)
Will    .....                   (boots currently unavailable)
Stlth   +++++.....              (no amulet)
HPRegen 0.00/turn               (ring currently unavailable)
MPRegen 0.10/turn               (ring currently unavailable)

@: bat-form, flying, bloodless, inhibited regen, very quick
A: fast, flying, no casting, tiny, bloodless, fangs 3, see invisible, vampiric 2
a: Revivify, End Transformation


You were on level 4 of the Dungeon.
You were a vampire bat.
You visited 1 branch of the dungeon, and saw 4 of its levels.

You collected 81 gold pieces.

Inventory:

Missiles
 t - 4 datura-tipped darts
Armour
 a - a +0 robe
 p - a +0 leather armour (melded)
Magical Staves
 d - a staff of death (melded)
Jewellery
 j - an amulet of faith
 m - a ring of flight
 q - a +4 ring of protection (melded)
Scrolls
 c - a scroll of immolation {unknown}
 g - a scroll of silence {unknown}
 l - a scroll of identify {unknown}
 n - a scroll of enchant weapon {unknown}
 o - a scroll of noise {unknown}
 r - 2 scrolls of teleportation {unknown}
 s - a scroll of holy word {unknown}
Potions
 b - a potion of heal wounds {unknown}
 e - a potion of experience {unknown}
 f - a potion of might {unknown}
 h - 2 potions of haste {unknown}
 i - a potion of mutation {unknown}
 k - a potion of ambrosia {unknown}


   Skills:
 + Level 3.1 Dodging
 + Level 4.3 Stealth
 + Level 2.6 Spellcasting
 + Level 4.9 Necromancy


You had 6 spell levels left.
You knew the following spells:

 Your Spells              Type           Power      Damage    Failure   Level
a - Pain                  Necr           76%        1d7       2%          1
b - Animate Skeleton      Necr           38%        N/A       2%          1

Your spell library contained the following spells:

 Spells                   Type           Power      Damage    Failure   Level
 Vampiric Draining        Necr           19%        2d7       7%          3
 Animate Dead             Necr           9%         N/A       24%         4
 Agony                    Necr           19%        N/A       54%         5


Dungeon Overview and Level Annotations

Branches:
Dungeon (4/15)
 Temple: D:4-7

Altars:

Annotations:
D:4 Dowan, Duvessa


Innate Abilities, Weirdness & Mutations

You are a vampire bat.
You are tiny and dextrous.
You move quickly.
You are flying.
You are immune to poison.
Your equipment is almost entirely melded.
You are incapable of wielding weapons or throwing items.
You cannot cast spells.
You do not regenerate when monsters are visible.
You are frail without blood (-20% HP).
You can heal yourself when you bite living creatures.
You are immune to poison.
You have razor-sharp teeth.
You have supernaturally acute eyesight. (SInv)
You are afflicted with vampirism and can become a bat while bloodless.


Message History

You climb downwards.
There is a stone staircase leading up here.
You feel a surge of power!
The jackal writhes in agony!
You kill the jackal!
Casting: Pain (safe; 3% risk of failure)
Confirm with . or Enter, or press ? or * to list all spells.
You feel a surge of power!
You attempt to give life to the dead...
Before your eyes, flesh is ripped from the corpse!
The dead are walking!
Your jackal skeleton bites the water moccasin skeleton.
Something barely misses your jackal skeleton.
The water moccasin skeleton bites your jackal skeleton.
Your jackal skeleton closely misses the water moccasin skeleton.
The water moccasin skeleton bites your jackal skeleton!
Your jackal skeleton is destroyed!
You turn into a vampire bat.
Your staff of death melds into your body.
Your +0 leather armour melds into your body.
Your +4 ring of protection melds into your body.
You feel weakened.
You feel dopey.
You feel clumsy.
Found 18 gold pieces.
You see here 18 gold pieces.
You now have 81 gold pieces (gained 18).
An endoplasm comes into view.
Duvessa, Sister of Dowan comes into view.
She is wielding a +2 short sword of venom.
The water moccasin skeleton bites you.
You hit the water moccasin skeleton but do no damage.
The water moccasin skeleton is lightly damaged.
The water moccasin skeleton bites you!
* * * LOW HITPOINT WARNING * * *
Dowan, Brother of Duvessa comes into view.
He is wielding a +1 dagger of distortion.
Found 9 gold pieces.
The water moccasin skeleton bites you.
* * * LOW HITPOINT WARNING * * *
A giant cockroach comes into view.
Duvessa shouts!
Dowan shouts!
The endoplasm quivers.
You hear a bark! x3
The water moccasin skeleton bites you.
You die...

.... #.# .... #.# ....
#.# .... #.###
....#######...#
..............########
#.#..########....J...#
#.#..#.........Z.###.###
........#####.#.b....B..
#................###$###
####....###.e..e...
#.#.## #......#.# #.#.#
#........#
#.#.####.#.#..#.#
..#........#..#.
#.##...........# #
#.##.####.##


You could see Duvessa, Dowan, an endoplasm, a giant cockroach and a water
moccasin skeleton.

Vanquished Creatures
  4 adders
  2 worms (D:2)
  2 dart slugs (D:1)
  A ball python (D:2)
  3 bats
  2 endoplasms
  3 giant cockroaches
  3 hobgoblins
  2 jackals
  2 quokkas (D:1)
  4 frilled lizards
  4 kobolds
  7 rats
39 creatures vanquished.

Notes
Turn   | Place    | Note
-------+----------+-------------------------------------------
     0 | D:1      | Cheeritup the Vampire Necromancer began the quest for the
                  | Orb.
     0 | D:1      | Reached XP level 1. HP: 13/13 MP: 3/3
    34 | D:1      | Learned a level 1 spell: Animate Skeleton
   421 | D:1      | Reached XP level 2. HP: 16/19 MP: 0/5
   851 | D:1      | Found a faded altar of an unknown god.
  1314 | D:2      | Gained mutation: You are afflicted with vampirism and can
                  | become a bat while bloodless. [Vampire growth]
  1314 | D:2      | Reached XP level 3. HP: 19/19 MP: 0/6
  2378 | D:2      | Reached XP level 4. HP: 24/24 MP: 5/7
  2915 | D:4      | Noticed Duvessa
  2922 | D:4      | Noticed Dowan
  2927 | D:4      | Slain by a water moccasin skeleton

Illustrated notes

Levels and vault maps discovered:
D:1:      eino_arrival_tree_alley, layout_basic,
          chequers_ecumenical_altar_twisty
D:2:      layout_loops_ring
D:3:      layout_basic, moated_statue, minmay_misc_feat_ornament,
          hangedman_decor_slide_cut, uniq_jessica
D:4:      layout_loops_ring, grunt_decor_fettered, uniq_duvessa

Skill      XL: |  1  2  3 |
---------------+----------+-----
Stealth        | 4 |  4.3
Dodging        | 3 |  3.1
Spellcasting   | |  2.6
Necromancy     | |  4.9

Action                   |  1- 3 |  4- 6 || total
-------------------------+-------+-------++-------
Melee: Staff             |    11 |     2 ||    13
       Unarmed           |     3 |     1 ||     4
       Bite              |     1 |     1 ||     2
 Cast: Pain              |    74 |    16 ||    90
       Animate Skeleton  |     3 |     1 ||     4
 Abil: Exsanguinate      |     1 |       ||     1
       Bat Form          |       |     1 ||     1
Armor: Robe              |     2 |       ||     2
       Leather armour    |       |    10 ||    10
Dodge: Dodged            |    19 |    21 ||    40

Table legend: (Time is in decaauts)
 A = Elapsed time spent in this place.
 B = Non-inter-level travel time spent in this place.
 C = Inter-level travel time spent in this place.
 D = Time resting spent in this place.
 E = Time spent auto-exploring this place.
 F = Levels seen in this place.
 G = Mean time per level.
                   A        B        C        D        E       F      G
               +--------+--------+--------+--------+--------+-----+--------+
         Total |   2915 |   2843 |     72 |    600 |   1693 |   4 |  728.8 |
       Dungeon |   2915 |   2843 |     72 |    600 |   1693 |   4 |  728.8 |
               +--------+--------+--------+--------+--------+-----+--------+

Top non-repeatable levels by time:
     D:2: 1322 daAuts
     D:1: 1135 daAuts
     D:3: 424 daAuts
     D:4: 33 daAuts
